 Dungeon Crawl Stone Soup version 0.30-a0-883-g5ad918d77d (webtiles) character file.

Game seed: 7399901350834107456

200 gelatine the Chopper (level 5, -3/39 HPs)
             Began as a Demonspawn Gladiator on Mar 18, 2023.
             Slain by an ogre
             ... wielding a +0 giant club
              (23 damage)
             ... on level 5 of the Dungeon.
             The game lasted 00:09:40 (3138 turns).

gelatine the Chopper (Demonspawn Gladiator)         Turns: 3138, Time: 00:09:40

Health: -3/39      AC:  3    Str: 16    XL:     5   Next: 49%
Magic:  6/6        EV: 12    Int: 10    God:
Gold:   188        SH:  0    Dex: 14    Spells: 6/6 levels left

rFire   . . .      SeeInvis .    a - +0 war axe
rCold   . . .      Faith    .    (no shield)
rNeg    . . .      Spirit   .    b - +0 leather armour
rPois   .          Reflect  .    (helmet restricted)
rElec   .          Rampage  .    (no cloak)
rCorr   .                        (no gloves)
Will    .....                    (no boots)
Stlth   +                        (no amulet)
HPRegen 0.26/turn                (no ring)
MPRegen 0.20/turn                (no ring)

@: no status effects
A: antennae 1, magic regeneration
a: no special abilities


You were on level 5 of the Dungeon.
You visited 1 branch of the dungeon, and saw 5 of its levels.

You collected 188 gold pieces.

Inventory:

Hand Weapons
 a - a +0 war axe (weapon)
Missiles
 l - 5 javelins (quivered)
 p - 4 poisoned darts
Armour
 b - a +0 leather armour (worn)
 c - a +0 helmet
Jewellery
 j - an amulet of faith
Scrolls
 d - 3 scrolls of poison {unknown}
 e - a scroll of summoning {unknown}
 g - a scroll of immolation {unknown}
 i - 2 scrolls of enchant armour {unknown}
 m - a scroll of teleportation {unknown}
 q - 3 scrolls of identify {unknown}
 r - a scroll of enchant weapon {unknown}
 t - 3 scrolls of fog {unknown}
 w - a scroll of noise {unknown}
Potions
 f - 3 potions of magic {unknown}
 h - 3 potions of curing {unknown}
 k - 3 potions of heal wounds {unknown}
 n - 3 potions of lignification {unknown}
 o - 4 potions of brilliance {unknown}
 s - a potion of mutation {unknown}
 u - a potion of might {unknown}
 v - a potion of haste {unknown}


   Skills:
 * Level 2.4 Fighting
 * Level 3.9 Axes
 * Level 2.7 Throwing
 * Level 1.4 Armour
 * Level 3.2 Dodging
 * Level 1.2 Stealth
 * Level 1.0 Spellcasting


You had 6 spell levels left.
You didn't know any spells.
Your spell library contained the following spells:

 Spells                   Type           Power      Damage    Failure   Level
 Static Discharge         Conj/Air       0%         2-2/arc   54%         2
 Vhi's Electric Charge    Tloc/Air       0%         N/A       77%         3
 Anguish                  Hex/Necr       0%         N/A       99%         4
 Arcjolt                  Conj/Air       0%         1d10      100%        5
 Lightning Bolt           Conj/Air       0%         1d11      100%        5
 Summon Forest            Summ/Tloc      0%         N/A       100%        5
 Eringya's Noxious Bog    Tmut/Pois      0%         N/A       100%        6
 Enfeeble                 Hex            0%         N/A       100%        7
 Summon Hydra             Summ           0%         N/A       100%        7


Dungeon Overview and Level Annotations

Branches:
Dungeon (5/15)
 Temple: D:4-7

Altars:
Hepliaklqana
Vehumet
Wu Jian

Shops:
D:1 ?


Innate Abilities, Weirdness & Mutations

You have a pair of small antennae on your head.
You regenerate magic rapidly.


Message History

l - 6 javelins (gained 1);
p - 4 poisoned darts (gained 2)
There is an open door here.
You open the door.
There is an open door here.
You now have 173 gold pieces (gained 17).
Found an ornate altar of the Wu Jian Council.
There is an open door here.
There is an open door here.
Found a hazy altar of Hepliaklqana.
You now have 188 gold pieces (gained 15).
There is an open door here.
Found a stone staircase leading up.
Done exploring.
Done exploring.
There is an open door here.
There is an open door here.
There is an open door here.
You open the door.
There is an open door here.
There is an open door here.
You see here a +0 war axe.
There is an open door here.
There is an open door here.
There is an open door here.
There is a shaft here.
There is a stone staircase leading down here.
You climb downwards.
Found an escape hatch in the ceiling.
Found a stone staircase leading down.
There is a stone staircase leading up here.
You throw a javelin. The javelin pierces through the ogre!
The ogre shouts!
The ogre is heavily wounded.
You hit the ogre.
The ogre is heavily wounded.
The ogre hits you with a +0 giant club!!
You barely miss the ogre.
The ogre is heavily wounded.
The ogre hits you with a +0 giant club!!
Ouch! That really hurt!
You die...

####
###########(...
.............#
.............#
........O....+
.......@....<#
.....>.......#
......##.####..
...... .# .....
.# ..... .#
.... .. .... ##


You could see an ogre.

Vanquished Creatures
  A scorpion (D:4)
  An iguana (D:4)
  A gnoll (D:1)
  4 adders
  A worm (D:3)
  2 dart slugs
  An orc (D:4)
  6 endoplasms
  4 giant cockroaches
  5 goblins
  6 hobgoblins
  4 jackals (D:4)
  3 quokkas
  7 ball pythons
  6 bats
  6 frilled lizards
  4 kobolds
  5 rats
67 creatures vanquished.

Notes
Turn   | Place    | Note
-------+----------+-------------------------------------------
     0 | D:1      | gelatine the Demonspawn Gladiator began the quest for the
                  | Orb.
     0 | D:1      | Reached XP level 1. HP: 16/16 MP: 1/1
    87 | D:1      | Found Hyqetz's Magic Scroll Shop.
   258 | D:1      | Gained mutation: You have a pair of small antennae on your
                  | head. [demonic ancestry]
   258 | D:1      | Reached XP level 2. HP: 22/22 MP: 2/2
   531 | D:1      | Reached XP level 3. HP: 27/27 MP: 3/3
   905 | D:2      | Reached skill level 1 in Armour
  1312 | D:2      | Reached XP level 4. HP: 27/33 MP: 4/4
  1431 | D:3      | Identified the +0 falchion "Oxufugg" {pain, Stlth+}
  1605 | D:3      | Found a radiant altar of Vehumet.
  2339 | D:4      | Reached skill level 1 in Stealth
  2486 | D:4      | Noticed a scorpion
  2491 | D:4      | Killed a scorpion
  2492 | D:4      | Reached skill level 1 in Spellcasting
  2492 | D:4      | Gained mutation: You regenerate magic rapidly. [demonic
                  | ancestry]
  2492 | D:4      | Reached XP level 5. HP: 39/39 MP: 6/6
  2873 | D:4      | Found an ornate altar of the Wu Jian Council.
  2902 | D:4      | Found a hazy altar of Hepliaklqana.
  3135 | D:5      | Entered Level 5 of the Dungeon
  3135 | D:5      | Noticed an ogre
  3138 | D:5      | Slain by an ogre

Illustrated notes

Levels and vault maps discovered:
D:1:      dpeg_arrival_round_c, layout_rooms, serial_shops, shop_fountains,
          serial_corexii_hall, corexii_hall_statues_l, corexii_hall_statues_l,
          chequers_hall_statues_corner_a, corexii_corridor_pit,
          minmay_misc_feat_diagonals, hangedman_abyss_or_decor_lesser_grid,
          minmay_cut_off
D:2:      layout_rooms
D:3:      layout_basic, lemuel_tele_altar, amcnicky_mini_corridor_feature,
          hangedman_decor_growths, minmay_box_of_dots
D:4:      layout_loops_corners, mainiacjoe_overflow_two_lobes
D:5:      layout_basic, uniq_crazy_yiuf_cottage

Skill      XL: |  1  2  3  4 |
---------------+-------------+-----
Throwing       | 2 |  2.7
Axes           | 3 |  3.9
Dodging        | 3 |  3.2
Armour         | 1 |  1.4
Stealth        | 1 |  1.2
Spellcasting   | 1 |  1.0
Fighting       | |  2.4

Action                     |  1- 3 |  4- 6 || total
---------------------------+-------+-------++-------
  Melee: War axe           |    80 |    57 ||   137
         Punch             |     2 |     1 ||     3
  Throw: Stone             |    13 |    10 ||    23
         Throwing net      |     5 |       ||     5
         Javelin           |    11 |    15 ||    26
         Dart              |     6 |    24 ||    30
 Armour: Leather armour    |    28 |    11 ||    39
  Dodge: Dodged            |    53 |    36 ||    89

Table legend: (Time is in decaauts)
 A = Elapsed time spent in this place.
 B = Non-inter-level travel time spent in this place.
 C = Inter-level travel time spent in this place.
 D = Time resting spent in this place.
 E = Time spent auto-exploring this place.
 F = Levels seen in this place.
 G = Mean time per level.
                   A        B        C        D        E       F      G
               +--------+--------+--------+--------+--------+-----+--------+
         Total |   3188 |   2940 |    248 |      0 |   2302 |   5 |  637.6 |
       Dungeon |   3188 |   2940 |    248 |      0 |   2302 |   5 |  637.6 |
               +--------+--------+--------+--------+--------+-----+--------+

Top non-repeatable levels by time:
     D:4: 1141 daAuts
     D:1: 909 daAuts
     D:3: 586 daAuts
     D:2: 548 daAuts
     D:5: 3 daAuts
